[Event "Titled Tuesday Blitz April 25 Late 2023"]
[White "Kraus, Tomas"]
[Black "Mickiewicz, Piotr"]
[WhiteFideId "331708"]
[BlackFideId "1114891"]
[WhiteElo "2389"]
[BlackElo "2246"]
[Result "0-1"]
[Round "07"]
[TimeControl "180+2"]
[Date "2023.04.25"]
[WhiteClock "0:00:01"]
[BlackClock "0:00:28"]

1. d4 Nf6 2. c4 e6 3. Nf3 Bb4+ 4. Nc3 O-O 5. Bg5 c5 6. Rc1 h6 7. Bh4 d5 8. e3 Nc6 9. cxd5 Qxd5 10. a3 Bxc3+ 11. bxc3 cxd4 12. Bxf6 gxf6 13. Nxd4 Bd7 14. Bd3 Qxg2 15. Ke2 Qg4+ 16. Nf3 Kh8 17. Rg1 Qh5 18. Be4 Rad8 19. Qd6 f5 20. Bb1 Bc8 21. Qf4 e5 22. Qg3 Rg8 23. Qh4 Qxh4 24. Nxh4 Ne7 25. Rxg8+ Kxg8 26. c4 Be6 27. c5 Kf8 28. f3 f6 29. Rd1 Rxd1 30. Kxd1 Ke8 31. Kd2 Kd7 32. Kc3 Kc6 33. Kb4 a5+ 34. Kxa5 Kxc5 35. a4 Bc4 36. Bc2 b6# 0-1


[Site "https://www.chess.com"]

[Event "Titled Tuesday Blitz April 25 Late 2023"]
[White "Ansh M Shah"]
[Black "Antonova, Nadezhda"]
[WhiteFideId "25033379"]
[BlackFideId "14700182"]
[WhiteElo "2084"]
[BlackElo "1765"]
[Result "0-1"]
[Round "07"]
[TimeControl "180+2"]
[Date "2023.04.25"]
[WhiteClock "0:00:03"]
[BlackClock "0:00:31"]

1. d4 Nf6 2. c4 g6 3. h4 h5 4. Nc3 Bg7 5. e4 d6 6. Be2 O-O 7. Nf3 c5 8. d5 b5 9. cxb5 a6 10. a4 axb5 11. Bxb5 Ba6 12. Bd2 Qb6 13. O-O Nbd7 14. Qe2 Rfb8 15. Be3 Ng4 16. Bg5 Kf8 17. Qc2 Bxb5 18. axb5 Bxc3 19. Qxc3 f6 20. Rxa8 Rxa8 21. b4 Qxb5 22. bxc5 Nxc5 23. Be3 Nxe4 24. Qc2 Qa4 25. Qd3 Rc8 26. Nd4 Ne5 27. Qxe4 Kf7 28. Bf4 Rc4 29. Be3 Qd7 30. Rd1 Qa4 31. Rf1 Qd7 32. g3 Qh3 33. Qg2 Qg4 34. Ne6 Qf5 35. Re1 Nf3+ 36. Kf1 Nxe1 37. Kxe1 Qb1+ 38. Ke2 Rc2+ 39. Kf3 Qd1+ 40. Kf4 Rc4+ 0-1


[Site "https://www.chess.com"]

[Event "Titled Tuesday Blitz April 25 Late 2023"]
[White "Vifleemskaia, Svetlana"]
[Black "Delorme, Alban"]
[WhiteFideId "4129490"]
[BlackFideId "623636"]
[WhiteElo "1930"]
[BlackElo "2196"]
[Result "0-1"]
[Round "07"]
[TimeControl "180+2"]
[Date "2023.04.25"]
[WhiteClock "0:00:10"]
[BlackClock "0:01:52"]

1. d4 Nf6 2. c4 g6 3. Nc3 Bg7 4. e4 d6 5. Nge2 O-O 6. Ng3 c5 7. d5 Na6 8. Be2 Nc7 9. h4 a6 10. h5 b5 11. cxb5 axb5 12. hxg6 hxg6 13. Bh6 Bxh6 14. Rxh6 Kg7 15. Rh1 b4 16. Qd2 Rh8 17. Nd1 Rxh1+ 18. Nxh1 Nxe4 19. Qf4 Nf6 20. Ne3 Ncxd5 21. Nxd5 Nxd5 22. Qe4 e6 23. Ng3 Qf6 24. Qc2 Nf4 25. Bf3 d5 26. Kf1 Ba6+ 27. Kg1 Rh8 28. Be2 Qh4 29. Bxa6 Qh2+ 30. Kf1 Qh1+ 0-1


[Site "https://www.chess.com"]

[Event "Titled Tuesday Blitz April 25 Late 2023"]
[White "Balague Camps, Marc"]
[Black "Fuentes Godoy, Lilia Ivonne"]
[WhiteFideId "2297914"]
[BlackFideId "5104130"]
[WhiteElo "2089"]
[BlackElo "2096"]
[Result "0-1"]
[Round "07"]
[TimeControl "180+2"]
[Date "2023.04.25"]
[WhiteClock "0:01:40"]
[BlackClock "0:00:31"]

1. d4 d5 2. c4 e6 3. Nc3 c6 4. cxd5 exd5 5. Nf3 Nf6 6. Bg5 g6 7. e3 Bg7 8. Be2 O-O 9. O-O Bf5 10. Ne5 Nbd7 11. a3 Re8 12. Ng4 Bxg4 13. Bxg4 Qb6 14. b4 Nxg4 15. Qxg4 Nf6 16. Qf3 Ne4 17. Nxe4 dxe4 18. Qf4 a5 19. Rab1 axb4 20. Rxb4 Qa7 21. a4 Bf8 22. Rc4 Re6 23. h4 Qb8 24. Qxb8 Rxb8 25. Rb1 b5 26. Kf1 b4 27. a5 Ra8 28. Ra1 Ra6 29. Bd8 Re8 30. Bb6 Rb8 31. Rxc6 b3 32. Rb1 b2 33. Rc2 Ba3 34. Rc3 Bb4 35. Rb3 Bxa5 36. R1xb2 Raxb6 37. Rxb6 Rxb6 38. Ra2 Rb1+ 39. Ke2 Re1# 0-1


[Site "https://www.chess.com"]

[Event "Titled Tuesday Blitz April 25 Late 2023"]
[White "Degtiarev, Evgeny"]
[Black "Lutz, Igor Oscar"]
[WhiteFideId "4149610"]
[BlackFideId "2110806"]
[WhiteElo "2284"]
[BlackElo "1969"]
[Result "1-0"]
[Round "07"]
[TimeControl "180+2"]
[Date "2023.04.25"]
[WhiteClock "0:01:37"]
[BlackClock "0:00:37"]

1. d4 d5 2. c4 c6 3. Nc3 Nf6 4. e3 e6 5. Nf3 Bd6 6. Qc2 O-O 7. Be2 dxc4 8. Bxc4 b5 9. Bd3 Bb7 10. Ne4 Nxe4 11. Bxe4 g6 12. h4 Qc7 13. h5 f5 14. hxg6 hxg6 15. Bd3 c5 16. Bxb5 cxd4 17. Qxc7 Bxc7 18. Nxd4 Bxg2 19. Rg1 Bd5 20. Rxg6+ Kf7 21. Rh6 Rg8 22. Rh7+ Rg7 23. Rxg7+ Kxg7 24. Bd2 a6 25. Ba4 Be5 26. Bc3 Bxd4 27. Bxd4+ Kf7 28. Rc1 Ra7 29. Bxa7 1-0


[Site "https://www.chess.com"]

[Event "Titled Tuesday Blitz April 25 Late 2023"]
[White "Rottenwohrer Suarez, Juan"]
[Black "Marchesich, Giovanni"]
[WhiteFideId "32068182"]
[BlackFideId "2824790"]
[WhiteElo "2174"]
[BlackElo "2209"]
[Result "1-0"]
[Round "07"]
[TimeControl "180+2"]
[Date "2023.04.25"]
[WhiteClock "0:00:05"]
[BlackClock "0:00:19"]

1. c4 b6 2. e4 e5 3. Nf3 Bb7 4. Nxe5 Qe7 5. Nf3 Bxe4 6. Be2 Bxf3 7. gxf3 Nc6 8. d4 O-O-O 9. Nc3 Nf6 10. Bg5 Re8 11. a3 Qd6 12. Be3 g6 13. Nb5 Qe7 14. d5 Ne5 15. Nxa7+ Kb7 16. Nb5 d6 17. a4 Bg7 18. a5 Ra8 19. b4 Nfd7 20. Ra2 f5 21. f4 Ng4 22. Bxg4 fxg4 23. a6+ Kc8 24. Qxg4 Qe4 25. O-O Kd8 26. Rc1 g5 27. a7 Be5 28. Qg2 Qxg2+ 29. Kxg2 gxf4 30. Bd4 Rg8+ 31. Kf3 Bxd4 32. Nxd4 Ne5+ 33. Ke4 Kd7 34. c5 Rg2 35. c6+ Ke7 36. Rf1 Rxh2 37. Nf5+ Kf6 38. Nd4 Rh4 39. Ne6 f3+ 40. Ke3 Nc4+ 41. Kxf3 Kf5 42. Nxc7 Rf4+ 43. Ke2 Re4+ 44. Kd1 Rd4+ 45. Kc1 1-0


[Site "https://www.chess.com"]

[Event "Titled Tuesday Blitz April 25 Late 2023"]
[White "Eidelman, Gabriel"]
[Black "Osmonbekov, Talaibek"]
[WhiteFideId "30910544"]
[BlackFideId "2017253"]
[WhiteElo "2209"]
[BlackElo "2135"]
[Result "0-1"]
[Round "07"]
[TimeControl "180+2"]
[Date "2023.04.25"]
[WhiteClock "0:00:02"]
[BlackClock "0:00:12"]

1. c4 e5 2. g3 d6 3. Bg2 f5 4. Nc3 Nf6 5. Nf3 Be7 6. d4 e4 7. Nd2 c6 8. d5 O-O 9. O-O a5 10. Nb3 Na6 11. Nd4 Bd7 12. Bd2 Nc7 13. Qb3 a4 14. Qb6 cxd5 15. cxd5 Ncxd5 16. Nxd5 Nxd5 17. Qxb7 Nb6 18. Nc6 Bxc6 19. Qxc6 Bf6 20. Bc3 Rc8 21. Bxf6 Rxc6 22. Bxd8 Rxd8 23. Rac1 Rdc8 24. Rxc6 Rxc6 25. g4 g6 26. gxf5 gxf5 27. Bh3 Rc2 28. Bxf5 d5 29. f3 Rxe2 30. fxe4 dxe4 31. Rc1 Rxb2 32. Rc7 e3 33. Kf1 h6 34. h3 Rf2+ 35. Ke1 Rxf5 36. Rc6 Nd5 37. Rc5 Kf7 38. Ra5 Ke6 39. Rxa4 Ke5 40. Rh4 h5 41. Rc4 Rf4 42. Rc8 Ke4 43. a4 Kf3 44. Rd8 Rc4 45. a5 Rc1# 0-1


[Site "https://www.chess.com"]

[Event "Titled Tuesday Blitz April 25 Late 2023"]
[White "Rios Escobar, Adan"]
[Black "Chakravarthi Reddy, M"]
[WhiteFideId "3403645"]
[BlackFideId "25009532"]
[WhiteElo "2234"]
[BlackElo "2201"]
[Result "1-0"]
[Round "07"]
[TimeControl "180+2"]
[Date "2023.04.25"]
[WhiteClock "0:01:32"]
[BlackClock "0:00:27"]

1. d4 d5 2. g3 Nf6 3. Nf3 c5 4. Bg2 cxd4 5. O-O Nc6 6. Nxd4 h6 7. Nxc6 bxc6 8. c4 e5 9. Nc3 d4 10. Bxc6+ Bd7 11. Bxa8 Qxa8 12. Nb5 Qb7 13. f3 Bc5 14. b4 Bxb4 15. Qb3 Bxb5 16. Qxb4 Bc6 17. Qd6 Nd7 18. Ba3 Kd8 19. Rab1 Qc7 20. Qe7+ Kc8 21. Bd6 Qd8 22. Qxf7 Qf6 23. Rb8+ Nxb8 24. Qc7# 1-0


[Site "https://www.chess.com"]

[Event "Titled Tuesday Blitz April 25 Late 2023"]
[White "Holtel, Jasper"]
[Black "Figorito, Nick"]
[WhiteFideId "12956376"]
[BlackFideId "30923689"]
[WhiteElo "2372"]
[BlackElo "2036"]
[Result "0-1"]
[Round "07"]
[TimeControl "180+2"]
[Date "2023.04.25"]
[WhiteClock "0:00:29"]
[BlackClock "0:00:37"]

1. e4 e6 2. Nc3 d5 3. Nf3 d4 4. Ne2 c5 5. c3 dxc3 6. bxc3 Nc6 7. g3 Nf6 8. d3 e5 9. c4 Bg4 10. Bg2 Be7 11. O-O O-O 12. h3 Bxf3 13. Bxf3 Ne8 14. Bg2 Nc7 15. f4 Ne6 16. Bb2 Ned4 17. Nxd4 Nxd4 18. fxe5 Qd7 19. Kh1 Rad8 20. Qd2 Qe6 21. Qf4 h6 22. Rad1 Bg5 23. Qg4 Qxe5 24. h4 Bf6 25. Rf5 Qe6 26. Bxd4 Rxd4 27. Rdf1 Be7 28. Rd5 Qxg4 0-1


[Site "https://www.chess.com"]

[Event "Titled Tuesday Blitz April 25 Late 2023"]
[White "Winkels, Marcel"]
[Black "Gerbelli Neto, Eduardo"]
[WhiteFideId "1003887"]
[BlackFideId "2103281"]
[WhiteElo "1900"]
[BlackElo "2178"]
[Result "0-1"]
[Round "07"]
[TimeControl "180+2"]
[Date "2023.04.25"]
[WhiteClock "0:00:07"]
[BlackClock "0:00:16"]

1. d4 d5 2. Nc3 Nf6 3. Bf4 Bf5 4. e3 e6 5. Nf3 Bb4 6. Bd3 Bg6 7. Ne5 Nbd7 8. O-O Nxe5 9. dxe5 Nd7 10. Bg3 c5 11. a3 Bxc3 12. bxc3 c4 13. Bxg6 hxg6 14. Rb1 b6 15. e4 Nc5 16. exd5 exd5 17. Re1 Ne4 18. Qd4 Qd7 19. Rbd1 Rd8 20. f3 Nc5 21. Rd2 Ne6 22. Qg4 O-O 23. Red1 Qc6 24. f4 Nc5 25. f5 gxf5 26. Qxf5 Ne4 27. Rd4 Nxc3 28. R1d2 Ne4 29. Rd1 Qe6 30. Qf4 Rfe8 31. Qh4 Nxg3 32. hxg3 Qxe5 33. Kh2 Rd6 34. Qf4 Qh5+ 35. Kg1 Rf6 36. Rxd5 Qxd1+ 37. Rxd1 Rxf4 38. gxf4 Re2 39. c3 Rc2 40. Rd8+ Kh7 41. Rd7 Kg6 42. Rxa7 Rxc3 43. Rb7 Rb3 44. Rxb6+ Rxb6 0-1


[Site "https://www.chess.com"]

[Event "Titled Tuesday Blitz April 25 Late 2023"]
[White "Leschinsky, Gary"]
[Black "Oliveira, Tiago Batista"]
[WhiteFideId "30951321"]
[BlackFideId "2108291"]
[WhiteElo "1855"]
[BlackElo "1962"]
[Result "1-0"]
[Round "07"]
[TimeControl "180+2"]
[Date "2023.04.25"]
[WhiteClock "0:02:24"]
[BlackClock "0:01:39"]

1. d4 Nf6 2. c4 g6 3. Nc3 d5 4. Bg5 Bg7 5. Bxf6 Bxf6 6. cxd5 c5 7. dxc5 Qa5 8. Qa4+ Qxa4 9. Nxa4 Na6 10. e4 Nb4 11. Bb5+ Bd7 12. Bxd7+ Kxd7 13. Ke2 b5 14. cxb6 Nc2 15. Rd1 Rhb8 16. b7 1-0


[Site "https://www.chess.com"]

[Event "Titled Tuesday Blitz April 25 Late 2023"]
[White "Panico, Nick"]
[Black "Srdanovic, Jovana"]
[WhiteFideId "2026724"]
[BlackFideId "954810"]
[WhiteElo "1982"]
[BlackElo "2145"]
[Result "1-0"]
[Round "07"]
[TimeControl "180+2"]
[Date "2023.04.25"]
[WhiteClock "0:01:16"]
[BlackClock "0:00:04"]

1. f4 Nh6 2. e4 d5 3. Nc3 c6 4. Nf3 g6 5. e5 Bg7 6. d4 O-O 7. h3 b6 8. Be3 Ba6 9. Bd3 Bxd3 10. Qxd3 e6 11. g4 Nd7 12. Qd2 Kh8 13. Ne2 Ng8 14. c3 c5 15. O-O Ne7 16. Ng3 Nc6 17. f5 exf5 18. gxf5 Kg8 19. Kh1 cxd4 20. cxd4 Rc8 21. b3 a5 22. Rg1 Nb4 23. Rac1 Rxc1 24. Rxc1 Qb8 25. a3 Na6 26. Rg1 Nc7 27. Bh6 Nb5 28. a4 Nc7 29. Qg5 f6 30. Qg4 fxe5 31. fxg6 Bxh6 32. gxh7+ Kh8 33. Qxd7 Rxf3 34. Nf5 Rxh3+ 35. Kg2 1-0


[Site "https://www.chess.com"]

[Event "Titled Tuesday Blitz April 25 Late 2023"]
[White "Dargan, Paul A G"]
[Black "yoriiiis"]
[WhiteFideId "416762"]
[WhiteElo "2042"]
[BlackElo "2127"]
[Result "1-0"]
[Round "07"]
[TimeControl "180+2"]
[Date "2023.04.25"]
[WhiteClock "0:00:02"]
[BlackClock "0:00:08"]

1. e4 c5 2. c3 Nf6 3. e5 Nd5 4. d4 cxd4 5. cxd4 e6 6. Nf3 d6 7. Bc4 Nc6 8. O-O Be7 9. Qe2 O-O 10. Nc3 dxe5 11. dxe5 Nxc3 12. bxc3 Qc7 13. Qe4 Rd8 14. Bg5 Nxe5 15. Nxe5 Bxg5 16. Bd3 g6 17. h4 Bf6 18. Ng4 Bg7 19. h5 f5 20. Qe2 fxg4 21. hxg6 h5 22. Bc4 Be5 23. Rfe1 Bxc3 24. Bxe6+ Kg7 25. Rac1 Qa5 26. Bxc8 Bxe1 27. Qe7+ Kxg6 28. Rxe1 Qxe1+ 29. Qxe1 Raxc8 30. Qe6+ Kg5 31. Qe5+ Kg6 32. Qe6+ Kg5 33. Qe7+ Kg6 34. Qxb7 Rc1+ 35. Kh2 Rdd1 36. Qe4+ Kf6 37. Qf4+ Ke6 38. Qh6+ Kd7 39. Kg3 Rc3+ 40. f3 Rcc1 41. Qxh5 gxf3 42. Qxf3 Rf1 43. Qd3+ Kc7 44. Kh2 Rfd1 45. Qh7+ Kb6 46. Qh6+ Ka5 47. Qg5+ Ka4 48. Qf4+ Ka3 49. Qb8 Re1 50. Qb3# 1-0


[Site "https://www.chess.com"]

[Event "Titled Tuesday Blitz April 25 Late 2023"]
[White "Esipenko, Andrey"]
[Black "Nihal Sarin"]
[WhiteFideId "24175439"]
[BlackFideId "25092340"]
[WhiteElo "2615"]
[BlackElo "2689"]
[Result "1/2-1/2"]
[Round "08"]
[TimeControl "180+2"]
[Date "2023.04.25"]
[WhiteClock "0:00:05"]
[BlackClock "0:00:09"]

1. d4 d5 2. c4 e6 3. Nf3 Nf6 4. g3 Nc6 5. Bg2 Bd6 6. O-O O-O 7. Bg5 h6 8. Bxf6 Qxf6 9. e3 dxc4 10. Nbd2 e5 11. d5 Ne7 12. Nxc4 Ng6 13. Rc1 Qe7 14. Qc2 Bd7 15. Nfd2 f5 16. Nxd6 cxd6 17. Qc7 Bb5 18. Rfe1 Qf6 19. Qxb7 Rfb8 20. Qc7 e4 21. Nb3 Ne5 22. Rc3 Be8 23. Rb1 Bf7 24. Rd1 Bh5 25. Rd2 Nf3+ 26. Bxf3 Bxf3 27. Nd4 Qg6 28. h3 Kh7 29. Nxf3 exf3 30. Qc4 Rc8 31. Qf4 Rxc3 32. bxc3 Rc8 33. c4 Qh5 34. Kh2 Rb8 35. e4 fxe4 36. Qxe4+ Kh8 37. Qg4 Qxg4 38. hxg4 Rb4 39. c5 dxc5 40. d6 Rb8 41. Kh3 g5 42. Rd3 Rd8 43. Rxf3 Rxd6 44. Rf8+ Kg7 45. Rc8 Rd2 46. Kg2 Rxa2 47. Rxc5 a5 48. Rc6 a4 49. Ra6 a3 50. Kg1 Kf7 51. f4 Ke7 52. f5 Kf7 53. Kh1 Ke7 54. Kg1 Kd7 55. Kh1 Kc7 56. f6 Kd7 57. Kg1 Ke8 58. Kh1 Kf7 59. Kg1 Kg6 60. Kh1 Ra1+ 61. Kg2 Ra2+ 62. Kf3 Ra1 63. Kg2 a2 64. Kh2 Kf7 65. Kg2 Kf8 66. Kh2 Kf7 67. Kg2 Rb1 68. Rxa2 Rb6 69. Ra7+ Kxf6 70. Ra4 Kg6 71. Re4 Rf6 72. Re5 h5 73. gxh5+ Kxh5 74. Re4 Kg6 75. Re2 Kh5 76. Re4 Kg6 77. Re2 Kh5 78. Re4 1/2-1/2


[Site "https://www.chess.com"]

[Event "Titled Tuesday Blitz April 25 Late 2023"]
[White "Martinez Alcantara, Jose Eduardo"]
[Black "Firouzja, Alireza"]
[WhiteFideId "3805662"]
[BlackFideId "12573981"]
[WhiteElo "2711"]
[BlackElo "2904"]
[Result "1-0"]
[Round "08"]
[TimeControl "180+2"]
[Date "2023.04.25"]
[WhiteClock "0:00:23"]
[BlackClock "0:00:22"]

1. e4 c6 2. d4 d5 3. e5 Bf5 4. h4 h5 5. Bd3 Bxd3 6. Qxd3 Qa5+ 7. b4 Qxb4+ 8. Nd2 e6 9. Rb1 Qe7 10. c4 Qd7 11. Ne2 Nh6 12. Nf3 Na6 13. c5 Ng4 14. O-O Be7 15. Bg5 Bxg5 16. Nxg5 Nh6 17. Ng3 g6 18. Rb3 O-O-O 19. Rfb1 Qc7 20. Ne2 Rd7 21. Nf4 Re7 22. Nxf7 Nxf7 23. Nxg6 Nxe5 24. Nxe7+ Qxe7 25. Qxa6 1-0


[Site "https://www.chess.com"]

[Event "Titled Tuesday Blitz April 25 Late 2023"]
[White "Paravyan, David"]
[Black "Sarana, Alexey"]
[WhiteFideId "4194985"]
[BlackFideId "24133795"]
[WhiteElo "2563"]
[BlackElo "2714"]
[Result "1/2-1/2"]
[Round "08"]
[TimeControl "180+2"]
[Date "2023.04.25"]
[WhiteClock "0:00:04"]
[BlackClock "0:00:08"]

1. e4 c5 2. Nf3 d6 3. d4 cxd4 4. Nxd4 Nf6 5. Nc3 a6 6. Bg5 Nbd7 7. Qd2 b5 8. a4 b4 9. Nd5 Bb7 10. Qxb4 Bxd5 11. exd5 Nxd5 12. Qd2 h6 13. Bh4 Qb6 14. Bc4 Qxb2 15. O-O Qc3 16. Qxc3 Nxc3 17. Ra3 d5 18. Bxa6 Rxa6 19. Rxc3 f6 20. Rc8+ Kf7 21. Ra1 e5 22. Nb5 g5 23. Rc7 Ke6 24. Bg3 Bd6 25. c4 dxc4 26. Rd1 Rd8 27. Rxc4 Ke7 28. Kf1 Nf8 29. f3 Ne6 30. Bf2 Rd7 31. h4 Bb8 32. Rxd7+ Kxd7 33. Nc3 Bd6 34. Nd5 f5 35. Bb6 Be7 36. a5 Bd8 37. hxg5 hxg5 38. g3 f4 39. g4 Kd6 40. Nb4 Ra8 41. Rc6+ Kd7 42. Rc1 Bxb6 43. axb6 Rb8 44. Nc6 Rxb6 45. Nxe5+ Ke7 46. Rd1 Rb3 47. Kg2 Re3 48. Rd7+ Ke8 49. Rd5 Re2+ 50. Kf1 Re3 51. Kf2 Ke7 52. Nc6+ Kf6 53. Rf5+ Kg7 54. Ne5 Ra3 55. Rf7+ Kg8 56. Rf5 Ra2+ 57. Ke1 Ra1+ 58. Kd2 Ra3 59. Kc1 Re3 60. Kd2 Kg7 61. Rf7+ Kg8 62. Rf5 Kg7 63. Rf7+ Kg8 64. Rf5 1/2-1/2


[Site "https://www.chess.com"]

[Event "Titled Tuesday Blitz April 25 Late 2023"]
[White "Deac, Bogdan-Daniel"]
[Black "Makarian, Rudik"]
[WhiteFideId "1226380"]
[BlackFideId "44105681"]
[WhiteElo "2649"]
[BlackElo "2430"]
[Result "0-1"]
[Round "08"]
[TimeControl "180+2"]
[Date "2023.04.25"]
[WhiteClock "0:00:56"]
[BlackClock "0:00:41"]

1. d4 Nf6 2. Nf3 c5 3. d5 b5 4. c4 b4 5. a3 g6 6. axb4 cxb4 7. Be3 a5 8. Bd4 Bg7 9. e4 d6 10. Nbd2 O-O 11. h3 Nfd7 12. Nb3 a4 13. Qd2 Ra6 14. Bxg7 Kxg7 15. Nbd4 Qb6 16. h4 a3 17. h5 axb2 0-1


[Site "https://www.chess.com"]

[Event "Titled Tuesday Blitz April 25 Late 2023"]
[White "Duda, Jan-Krzysztof"]
[Black "Bortnyk, Mykola"]
[WhiteFideId "1170546"]
[BlackFideId "14120836"]
[WhiteElo "2790"]
[BlackElo "2582"]
[Result "1-0"]
[Round "08"]
[TimeControl "180+2"]
[Date "2023.04.25"]
[WhiteClock "0:00:05"]
[BlackClock "0:00:05"]

1. d4 d5 2. Nf3 c5 3. c4 e6 4. cxd5 exd5 5. Nc3 Nc6 6. Bg5 Qa5 7. e3 cxd4 8. Nxd4 Bb4 9. Rc1 Nge7 10. a3 Bxc3+ 11. Rxc3 f6 12. Bf4 O-O 13. Be2 Nxd4 14. Qxd4 Nc6 15. Qc5 Qxc5 16. Rxc5 d4 17. e4 Be6 18. Kd2 Rad8 19. Rhc1 d3 20. Bd1 f5 21. exf5 Bxf5 22. Bb3+ Kh8 23. Be3 Bg6 24. Bd5 Be8 25. Be4 Rd6 26. R1c3 Bg6 27. Bxg6 Rxg6 28. g3 h6 29. Rxd3 Rf7 30. b4 a6 31. h4 Re6 32. Bf4 Rfe7 33. Re3 Rd7+ 34. Kc3 Rf6 35. Rd3 Re7 36. Rcd5 Rff7 37. Kb3 Kh7 38. Rd2 Na7 39. a4 Nc6 40. b5 axb5 41. axb5 Na5+ 42. Kb4 b6 43. Be3 Re4+ 44. R2d4 Re6 45. Rd6 Rff6 46. Rxe6 Rxe6 47. Rd7 Re4+ 48. Kc3 Rc4+ 49. Kd3 Rb4 50. Bd4 Kg6 51. Rxg7+ Kf5 52. Rf7+ Ke6 53. Rf6+ Kd5 54. Bxb6 Nc4 55. Kc3 Ra4 56. Bc7 Na5 57. Bxa5 Rxa5 58. Kb4 Ra1 59. Rxh6 Rb1+ 60. Ka5 Kc5 61. Rc6+ Kd5 62. g4 1-0


[Site "https://www.chess.com"]

[Event "Titled Tuesday Blitz April 25 Late 2023"]
[White "Bluebaum, Matthias"]
[Black "Terry, Renato"]
[WhiteFideId "24651516"]
[BlackFideId "3803457"]
[WhiteElo "2638"]
[BlackElo "2575"]
[Result "1/2-1/2"]
[Round "08"]
[TimeControl "180+2"]
[Date "2023.04.25"]
[WhiteClock "0:00:50"]
[BlackClock "0:00:50"]

1. d4 e6 2. c4 Bb4+ 3. Bd2 Qe7 4. Nc3 Nf6 5. e3 O-O 6. Bd3 b6 7. e4 Bb7 8. Nge2 d6 9. O-O e5 10. Nd5 Nxd5 11. cxd5 Bxd2 12. Qxd2 c6 13. dxe5 dxe5 14. Rac1 Rd8 15. Ng3 cxd5 16. exd5 Bxd5 17. Qc2 g6 18. Be4 Bxe4 19. Qxe4 Na6 20. f4 Nc5 21. Qxe5 Qxe5 22. fxe5 Nd3 23. Rc7 Nxe5 24. Ne4 Kg7 25. Ng5 Rdc8 26. Rb7 Rcb8 27. Rc7 Rc8 28. Rb7 Rcb8 29. Rc7 Rc8 1/2-1/2


[Site "https://www.chess.com"]

[Event "Titled Tuesday Blitz April 25 Late 2023"]
[White "Kamsky, Gata"]
[Black "Lazavik, Denis"]
[WhiteFideId "2000024"]
[BlackFideId "13515110"]
[WhiteElo "2660"]
[BlackElo "2560"]
[Result "1/2-1/2"]
[Round "08"]
[TimeControl "180+2"]
[Date "2023.04.25"]
[WhiteClock "0:00:13"]
[BlackClock "0:00:08"]

1. d4 Nf6 2. Nf3 d5 3. c4 e6 4. g3 Bb4+ 5. Bd2 a5 6. a3 Be7 7. Nc3 c6 8. c5 O-O 9. Bg2 Nbd7 10. b4 b6 11. O-O Ba6 12. Qc2 Qc8 13. Rfc1 axb4 14. axb4 Bc4 15. Bf4 Qb7 16. Nd2 b5 17. e4 Rxa1 18. Rxa1 Ra8 19. Rxa8+ Qxa8 20. Nxc4 bxc4 21. exd5 Nxd5 22. Bxd5 exd5 23. b5 cxb5 24. Nxb5 Nf6 25. Kg2 h6 26. Be5 Qa6 27. Nc7 Qc6 28. Qf5 c3 29. Qc8+ Kh7 30. Qf5+ g6 31. Qc2 Nd7 32. Bf4 Kg8 33. Qxc3 g5 34. Qf3 gxf4 35. Nxd5 Kf8 36. Nxe7 Qxf3+ 37. Kxf3 Kxe7 38. Kxf4 Ke6 39. Ke4 f5+ 40. Kd3 Kd5 41. f3 Nf6 42. h3 Nh5 43. g4 Nf4+ 44. Ke3 Nxh3 45. gxf5 Ng5 46. Kf4 Nf7 47. Kg4 Kxd4 48. c6 Ke5 49. c7 Nd6 50. Kh5 Kxf5 51. Kxh6 Kf4 52. Kg7 Kxf3 53. Kf6 Ne8+ 54. Ke7 Nxc7 1/2-1/2


[Site "https://www.chess.com"]

[Event "Titled Tuesday Blitz April 25 Late 2023"]
[White "Nakamura, Hikaru"]
[Black "Kuzubov, Yuriy"]
[WhiteFideId "2016192"]
[BlackFideId "14112906"]
[WhiteElo "2885"]
[BlackElo "2496"]
[Result "0-1"]
[Round "08"]
[TimeControl "180+2"]
[Date "2023.04.25"]
[WhiteClock "0:00:10"]
[BlackClock "0:00:09"]

1. Nf3 d5 2. e3 Nf6 3. c4 e6 4. b3 Be7 5. Bb2 O-O 6. cxd5 exd5 7. d4 Bf5 8. Bd3 Bxd3 9. Qxd3 c6 10. Nbd2 Re8 11. O-O Bb4 12. Ne5 Nbd7 13. Ndf3 Ne4 14. a3 Bf8 15. Qc2 a5 16. Nd3 f6 17. h4 Qe7 18. Qe2 a4 19. b4 Nb6 20. Nc5 Nc4 21. Rac1 Ned6 22. Rc2 b6 23. Nd3 b5 24. Bc1 Ne4 25. h5 Qf7 26. Nh4 Ned6 27. g3 Re4 28. Qf3 Rae8 29. Kg2 g5 30. hxg6 hxg6 31. Qd1 g5 32. Nf3 Nf5 33. Re2 Qg6 34. Rh1 Bd6 35. Kg1 Bxg3 36. fxg3 Nxg3 37. Nf2 Nxh1 38. Nxh1 Nxe3 39. Bxe3 Rxe3 40. Rxe3 Rxe3 41. Nf2 g4 42. Nh4 Qg5 43. Ng2 Rf3 44. Ne1 Rg3+ 45. Ng2 Rxa3 46. Qe1 Kf7 47. Qb1 Qg6 48. Qc1 Ra2 49. Qxc6 Ra1+ 50. Kh2 g3+ 51. Kh3 gxf2 52. Qd7+ Kg8 53. Qxd5+ Qf7 54. Qd8+ Kg7 0-1


[Site "https://www.chess.com"]

[Event "Titled Tuesday Blitz April 25 Late 2023"]
[White "Naroditsky, Daniel"]
[Black "Fressinet, Laurent"]
[WhiteFideId "2026961"]
[BlackFideId "608742"]
[WhiteElo "2633"]
[BlackElo "2633"]
[Result "1-0"]
[Round "08"]
[TimeControl "180+2"]
[Date "2023.04.25"]
[WhiteClock "0:00:36"]
[BlackClock "0:00:26"]

1. d4 Nf6 2. Nc3 d5 3. Bf4 c5 4. e4 Nxe4 5. Nxe4 dxe4 6. dxc5 Qxd1+ 7. Rxd1 Nc6 8. Be3 Bd7 9. Bc4 e6 10. a3 Ne5 11. Ba2 Ng4 12. Bd4 e5 13. Bc3 Bxc5 14. Bxf7+ Ke7 15. Nh3 Rhf8 16. Bh5 Nxf2 17. Nxf2 Bxf2+ 18. Kd2 Bc5 19. Kc1 Bc6 20. b4 Be3+ 21. Kb2 Rf2 22. Rhe1 Bg5 23. b5 Bxb5 24. Rd5 Ba4 25. Rxe5+ Kf8 26. Bb4+ Kg8 27. Rxg5 Rxc2+ 28. Kb1 g6 29. Bd1 1-0


[Site "https://www.chess.com"]

[Event "Titled Tuesday Blitz April 25 Late 2023"]
[White "Bortnyk, Olexandr"]
[Black "Janik, Igor"]
[WhiteFideId "14120828"]
[BlackFideId "1159259"]
[WhiteElo "2734"]
[BlackElo "2484"]
[Result "1-0"]
[Round "08"]
[TimeControl "180+2"]
[Date "2023.04.25"]
[WhiteClock "0:00:21"]
[BlackClock "0:00:34"]

1. d4 Nf6 2. Nc3 d5 3. Bf4 e6 4. Nb5 Na6 5. e3 c6 6. Nc3 Nc7 7. Nf3 Bd6 8. Ne5 O-O 9. Bd3 Nce8 10. Qf3 Nd7 11. Qh3 f5 12. g4 Bxe5 13. Bxe5 Nxe5 14. dxe5 d4 15. exd4 Qxd4 16. O-O-O Qxe5 17. Rhg1 Nf6 18. gxf5 Qf4+ 19. Kb1 exf5 20. Ne2 Qxf2 21. Bc4+ Kh8 22. Qa3 Re8 23. Qd6 Be6 24. Bxe6 Qxe2 25. Qc7 g6 26. Rge1 Nd5 27. Qf7 Re7 28. Rxe2 1-0


[Site "https://www.chess.com"]

[Event "Titled Tuesday Blitz April 25 Late 2023"]
[White "Ghazarian, Kirk"]
[Black "Van Foreest, Jorden"]
[WhiteFideId "30908604"]
[BlackFideId "1039784"]
[WhiteElo "2346"]
[BlackElo "2633"]
[Result "0-1"]
[Round "08"]
[TimeControl "180+2"]
[Date "2023.04.25"]
[WhiteClock "0:00:08"]
[BlackClock "0:00:20"]

1. e4 e5 2. Nf3 Nc6 3. Bc4 Nf6 4. d3 Bc5 5. c3 d6 6. h3 a5 7. O-O Ba7 8. Bb3 h6 9. Re1 g5 10. Be3 g4 11. hxg4 Bxg4 12. Bxa7 Rxa7 13. Nbd2 Rg8 14. Qe2 Nh5 15. Qe3 Nf4 16. g3 Qf6 17. Nh2 Bh3 18. Qf3 a4 19. Bc4 Ne7 20. d4 Neg6 21. Ng4 Qg5 22. Ne3 Nh4 23. Qh1 Nhg2 24. Nxg2 Bxg2 25. Qh2 Kf8 26. Re3 Bh3 27. Bf1 Bg4 28. Kh1 Ne6 29. d5 Nc5 30. Bh3 h5 31. Bxg4 Qxg4 32. Rg1 Ra6 33. Qh4 Rg5 34. Qxg4 hxg4 35. Kg2 Rh5 36. Rh1 Rxh1 37. Kxh1 Kg7 38. Kg2 Kg6 39. f3 gxf3+ 40. Nxf3 Rb6 41. Re2 Nd3 42. Nh4+ Kf6 43. b4 axb3 44. axb3 Rxb3 45. c4 Rb2 46. Kf3 Rxe2 47. Kxe2 Nb2 48. Nf5 Nxc4 49. Kd3 b5 50. Nh4 Nb2+ 51. Kc3 Na4+ 52. Kb4 Nc5 53. Kxb5 Nxe4 54. Kc6 Nxg3 55. Kxc7 Ke7 56. Nf3 e4 57. Nd4 e3 58. Nc6+ Kf6 59. Nd4 e2 60. Nxe2 Nxe2 61. Kxd6 Nf4 62. Kc5 Nxd5 63. Kxd5 Kg5 64. Ke4 Kg4 65. Ke3 f5 66. Kf2 Kf4 67. Kg2 Ke3 68. Kf1 Kf3 69. Ke1 Kg2 0-1


[Site "https://www.chess.com"]